 Dungeon Crawl Stone Soup version 0.28-a0-983-g1de4e0787c (console) character file.

Game seed: 1417365918700084993

158 petzl the Vexing (level 5, 0/35 HPs)
             Began as an Octopode Arcane Marksman on Dec 2, 2021.
             Succumbed to a scorpion's poison
             ... on level 4 of the Dungeon.
             The game lasted 00:07:58 (2898 turns).

petzl the Vexing (Octopode Arcane Marksman)         Turns: 2898, Time: 00:07:58

Health: 0/35       AC:  1    Str: 10    XL:     5   Next: 40%
Magic:  8/8        EV: 13    Int: 17    God:
Gold:   56         SH:  0    Dex: 12    Spells: 7/8 levels left

rFire   . . .      SeeInvis .   i - +0 mace
rCold   . . .      Faith    .   (no shield)
rNeg    . . .      Spirit   .   (helmet restricted)
rPois   .          Reflect  .   (no amulet)
rElec   .          Harm     .   (no ring)
rCorr   .          Rampage  .   (no ring)
Will    .....                   (no ring)
Stlth   +++.......              (no ring)
HPRegen 0.11/turn               (no ring)
MPRegen 0.11/turn               (no ring)
                                (no ring)
                                (no ring)

@: lethally poisoned (0 -> -3), hasted, very quick
A: almost no armour, amphibious, 8 rings, camouflage 1, gelatinous body 1,
(nimble swimmer 1), tentacles
a: no special abilities


You were on level 4 of the Dungeon.
You visited 1 branch of the dungeon, and saw 4 of its levels.

You collected 56 gold pieces.

Inventory:

Hand Weapons
 a - a +0 hand crossbow
 i - a +0 mace (weapon)
Missiles
 c - 3 bolts
 g - 5 poisoned darts (quivered)
Scrolls
 d - 2 scrolls of noise {unknown}
 e - 6 scrolls of identify {unknown}
 f - a scroll of magic mapping {unknown}
Potions
 b - a potion of haste


   Skills:
 + Level 2.3 Fighting
 + Level 2.9 Crossbows
 + Level 2.9 Dodging
 + Level 2.9 Stealth
 + Level 2.1 Spellcasting
 - Level 3.0 Hexes


You had 7 spell levels left.
You knew the following spells:

 Your Spells              Type           Power      Damage    Failure   Level
a - Slow                  Hex            48%        N/A       5%          1

Your spell library contained the following spells:

 Spells                   Type           Power      Damage    Failure   Level
 Beastly Appendage        Tmut           2%         N/A       19%         1
 Wereblood                Tmut           1%         N/A       28%         2
 Inner Flame              Hex/Fire       6%         N/A       30%         3
 Portal Projectile        Hex/Tloc       12%        N/A       30%         3
 Spider Form              Tmut/Pois      1%         N/A       50%         3
 Cause Fear               Hex            6%         N/A       50%         4


Dungeon Overview and Level Annotations

Branches:
Dungeon (4/15)
 Temple: D:4-7

Altars:
Ashenzari
Beogh

Shops:
D:2 =

Annotations:
D:2 exclusion: downstairs
D:4 Dowan, Eustachio


Innate Abilities, Weirdness & Mutations

You cannot wear most types of armour.
You are amphibious.
You can wear up to eight rings at the same time.
Your skin changes colour to match your surroundings (Stealth+).
Your rubbery body absorbs attacks. (AC +1, EV +1)
((You are camouflaged near water. (Stealth+)))
You have tentacles for arms and can constrict up to eight enemies at once.


Message History

Throw: 9 darts (poison)
Press: ? - help, Q - select action, (/) - cycle Shift-Dir - straight line, f/p - scorpion
Aim: a scorpion (57% to hit)
You throw a poisoned dart.
The poisoned dart barely misses the scorpion.
Throw: 8 darts (poison)
Press: ? - help, Q - select action, (/) - cycle Shift-Dir - straight line, f/p - scorpion
Aim: a scorpion (57% to hit)
You throw a poisoned dart. The poisoned dart hits the scorpion.
The scorpion stings you!
Throw: 7 darts (poison)
Press: ? - help, Q - select action, (/) - cycle Shift-Dir - straight line, f/p - scorpion
Aim: a scorpion (57% to hit)
You throw a poisoned dart. The poisoned dart hits the scorpion.
The scorpion stings you.
You are poisoned.
The scorpion poisons you!
Throw: 6 darts (poison)
Press: ? - help, Q - select action, (/) - cycle Shift-Dir - straight line, f/p - scorpion
Aim: a scorpion (57% to hit)
You throw a poisoned dart. The poisoned dart hits the scorpion.
You feel very sick. The scorpion stings you.
* * * LOW HITPOINT WARNING * * *
Unknown command.
Unknown command.
It was a potion of haste.
You feel yourself speed up.
* * * LOW HITPOINT WARNING * * *
You feel sick. The scorpion barely misses you. x2
* * * LOW HITPOINT WARNING * * *
You feel sick.
* * * LOW HITPOINT WARNING * * *
You feel sick.
* * * LOW HITPOINT WARNING * * *
You feel sick.
* * * LOW HITPOINT WARNING * * *
You feel sick.
* * * LOW HITPOINT WARNING * * *
You feel sick.
You die...

.@.# ....## ....##
#...# #..##
#...########
##..........#
###...........#
#.............#
#............##
##...........##
#............###
#..........##..##
##.#.......####..##
#..###.....# ##..##
##.## ##...##
##..#####. ##@.#
##### ##.......
#..## ##..####.
##..# ##..## ##..##
##..## #..s# ##..##
##...# #...#
##...## ##..##
#....# ##..###
#...(.# ##..#..##
#.......
##..###.<###
##........ ##..##
###..## ##.(.......
#..## ###.#
#......... #...#
### ..........
#...##
..........#...#
#..# ...# #... ##e


You could see a scorpion.

Vanquished Creatures
  A centaur skeleton (D:3)
  3 gnolls (D:2)
  5 adders
  A worm (D:2)
  A dart slug (D:1)
  3 orcs (D:2)
  4 ball pythons
  6 endoplasms
  3 giant cockroaches (D:1)
  6 goblins
  A hobgoblin (D:1)
  5 kobolds
  5 bats
  2 frilled lizards
  7 rats
53 creatures vanquished.

Notes
Turn   | Place    | Note
-------+----------+-------------------------------------------
     0 | D:1      | petzl the Octopode Arcane Marksman began the quest for the
                  | Orb.
     0 | D:1      | Reached XP level 1. HP: 13/13 MP: 2/2
    94 | D:1      | Reached XP level 2. HP: 18/18 MP: 3/3
   127 | D:1      | Reached skill level 1 in Stealth
   481 | D:1      | Reached XP level 3. HP: 21/23 MP: 5/5
  1100 | D:2      | Found a faded altar of an unknown god.
  1200 | D:2      | Reached XP level 4. HP: 16/29 MP: 6/6
  1774 | D:3      | Found a broken altar of Ashenzari.
  2173 | D:2      | Reached XP level 5. HP: 34/34 MP: 3/8
  2288 | D:2      | Found Raschah's Jewellery Boutique.
  2824 | D:4      | Noticed Dowan
  2857 | D:4      | Noticed Eustachio
  2896 | D:4      | HP: 1/35 [poisoned by a scorpion]
  2898 | D:4      | Succumbed to a scorpion's poison

Illustrated notes

Levels and vault maps discovered:
D:1:      enne_arrival_octagon_isle, layout_loops_ring, serial_rivers,
          chequers_serial_rivers_large_b, chequers_serial_rivers_micro_b,
          chequers_serial_rivers_micro_c, chequers_serial_rivers_micro_e,
          chequers_serial_rivers_micro_d, chequers_serial_rivers_micro_b,
          minmay_tromino_mix6
D:2:      layout_loops_ring, hellmonk_ecumenical_altar_defaced_shrine,
          serial_shops, nicolae_square_shop, minmay_misc_feat_five
D:3:      layout_rooms, ashenzari_altar_1
D:4:      layout_cave_pods, uniq_eustachio, uniq_grinder, uniq_blork_the_orc,
          uniq_duvessa

Skill      XL: |  1  2  3  4 |
---------------+-------------+-----
Stealth        | 1 2 |  2.9
Fighting       | 2 |  2.3
Spellcasting   | 2 |  2.1
Crossbows      | |  2.9
Dodging        | |  2.9
Hexes          | |  3.0

Action                   |  1- 3 |  4- 6 || total
-------------------------+-------+-------++-------
Melee: Hand axe          |       |    30 ||    30
       Constrict         |       |    10 ||    10
       Tentacles         |       |     7 ||     7
       Mace              |       |     7 ||     7
 Fire: Hand crossbow     |    80 |    13 ||    93
Throw: Dart              |       |     6 ||     6
 Cast: Slow              |       |    15 ||    15
  Use: Potion            |       |     1 ||     1
 Stab: Sleeping          |       |     2 ||     2
Armor: Skin              |     1 |     3 ||     4
Dodge: Dodged            |     5 |    43 ||    48

Table legend: (Time is in decaauts)
 A = Elapsed time spent in this place.
 B = Non-inter-level travel time spent in this place.
 C = Inter-level travel time spent in this place.
 D = Time resting spent in this place.
 E = Time spent auto-exploring this place.
 F = Levels seen in this place.
 G = Mean time per level.
                   A        B        C        D        E       F      G
               +--------+--------+--------+--------+--------+-----+--------+
         Total |   2941 |   2752 |    189 |    976 |   1235 |   4 |  735.2 |
       Dungeon |   2941 |   2752 |    189 |    976 |   1235 |   4 |  735.2 |
               +--------+--------+--------+--------+--------+-----+--------+

Top non-repeatable levels by time:
     D:2: 1524 daAuts
     D:1: 1090 daAuts
     D:3: 238 daAuts
     D:4: 88 daAuts
